 Dungeon Crawl Stone Soup version 0.30-a0-939-gc8157cb160 (webtiles) character file.

Game seed: 14774409183134994975

489 Jeffwins the Caller (level 7, -3/46 HPs)
             Began as a Human Wanderer on Mar 26, 2023.
             Killed by divine providence
             ... invoked by an orc priest
              (13 damage)
             ... on level 5 of the Dungeon.
             The game lasted 00:06:27 (2898 turns).

Jeffwins the Caller (Human Wanderer)                Turns: 2898, Time: 00:06:27

Health: -3/46      AC:  6    Str: 12    XL:     7   Next: 36%
Magic:  10/10      EV: 10    Int: 17    God:
Gold:   196        SH:  0    Dex: 10    Spells: 3/11 levels left

rFire   . . .      SeeInvis .    a - +2 sling
rCold   . . .      Faith    .    (no shield)
rNeg    . . .      Spirit   .    q - +0 leather armour
rPois   .          Reflect  .    y - +0 helmet
rElec   .          Rampage  .    (no cloak)
rCorr   .                        o - +0 pair of gloves
Will    .....                    v - +0 pair of boots
Stlth   ++                       g - amulet of regeneration
HPRegen 1.07/turn                (no ring)
MPRegen 0.12/turn                (no ring)

@: attractive, hasted, very quick
A: no striking features
a: no special abilities


You were on level 5 of the Dungeon.
You visited 2 branches of the dungeon, and saw 6 of its levels.

You collected 196 gold pieces.


   Skills:
 * Level 4.8 Ranged Weapons
 - Level 1.0 Armour
 + Level 3.0 Stealth
 + Level 2.5 Spellcasting
 * Level 4.9 Summonings
 * Level 2.3 Necromancy
 - Level 1.0 Evocations


You had 3 spell levels left.
You knew the following spells:

 Your Spells              Type           Power      Damage    Failure   Level
f - Call Canine Familiar  Summ           18%        N/A       9%          3
n - Dispel Undead         Necr           9%         3d8       65%         4
z - Summon Small Mammal   Summ           72%        N/A       3%          1

Your spell library contained the following spells:

 Spells                   Type           Power      Damage    Failure   Level
 Kiss of Death            Conj/Necr      24%        2d7       14%         1
 Freeze                   Ice            8%         1d3       24%         1
 Confusing Touch          Hex            2%         N/A       56%         3
 Frozen Ramparts          Ice            4%         1d1       56%         3
 Hailstorm                Conj/Ice       2%         3d3       56%         3

Inventory:

Hand Weapons
 a - a +2 sling (weapon)
 b - a +1 whip of venom
Armour
 o - a +0 pair of gloves (worn)
 q - a +0 leather armour (worn)
 v - a +0 pair of boots (worn)
 y - a +0 helmet (worn)
 A - a +0 scale mail
Jewellery
 g - an amulet of regeneration (around neck)
Scrolls
 d - 2 scrolls of teleportation {@r4}
 e - a scroll of torment {unknown}
 j - a scroll of fear
 l - 2 scrolls of enchant weapon
 m - 3 scrolls of enchant armour
 t - a scroll of blinking
 u - a scroll of silence {!r}
Potions
 c - a potion of berserk rage {!q}
 f - a potion of haste {@q3}
 h - a potion of attraction {!q}
 i - a potion of curing {@q1}
 k - a potion of brilliance {unknown}
 p - a potion of flight {unknown}
 r - a potion of degeneration {unknown}
 w - a potion of lignification {unknown}
 x - a potion of heal wounds {unknown}

Dungeon Overview and Level Annotations

Branches:
Dungeon (5/15)             Temple (1/1) D:4

Altars:
Ashenzari
Cheibriados
Dithmenos
Fedhas
Gozag
Kikubaaqudgha
Nemelex Xobeh
Qazlal
Ru
Sif Muna
Trog
Uskayaw
Wu Jian
Zin
The Shining One

Shops:
D:1 *

Annotations:
D:3 3 runed translucent doors, Tollund's ghost, weakling HOFE
D:4 3 runed translucent doors, bigduke15's ghost, amateur OpCj; mandoloar's ghost, amateur DgCj

#..#*...(,,
#..##..#**,
#..#..#,***
########o...#***,*
#....o.oo.#**,,,,,
#o#######........,
#o# ####....., #o#
*,...#* #@#
***#.#* #[# *,.,
#.# *,,* #.# **,,*
#.#*** *,,,,
#..,,* *,,,,
###*,* *,,∩, *,*
*,,,, *,* *,,,,


You could see an orc priest and 2 orcs.


Message History

You shoot a sling bullet. The sling bullet hits the orc priest.
The orc priest is severely wounded.
The orc priest hits you with a +0 flail of holy wrath!
* * * LOW HITPOINT WARNING * * *
Unknown command.
It was a potion of haste.
You feel yourself speed up.
The orc priest hits you with a +0 flail of holy wrath.
* * * LOW HITPOINT WARNING * * *
Unknown command.
It was a potion of attraction.
You feel attractive to monsters.
Unknown command.
It was a potion of curing.
You feel better. The orc priest closely misses you.
Unknown command.
You shoot a sling bullet.
The sling bullet closely misses the orc priest.
The sling bullet hits the orc.
The orc is heavily wounded.
The orc priest hits you with a +0 flail of holy wrath!
* * * LOW HITPOINT WARNING * * *
Unknown command.
You shoot a sling bullet. The sling bullet hits the orc priest.
The orc priest is almost dead.
The orc priest looks braver for a moment.
Unknown command.
You shoot a sling bullet. The sling bullet hits the orc priest.
The orc priest is almost dead.
The orc priest calls down the wrath of Beogh upon you.
Beogh smites you!
You die...

Skill      XL: |  1  2  3  4  5  6  7 |
---------------+----------------------+-----
Stealth        | 2 3 |  3.0
Summonings     | 4 |  4.9
Ranged Weapons | 4 |  4.8
Spellcasting   | 2 |  2.5
Necromancy     | 1 2 |  2.3
Armour         | |  1.0
Evocations     | |  1.0

Action                     |  1- 3 |  4- 6 |  7- 9 || total
---------------------------+-------+-------+-------++-------
  Melee: Whip              |       |     8 |     9 ||    17
   Fire: Sling             |    84 |   218 |    33 ||   335
    Use: Scroll            |       |     9 |     1 ||    10
         Potion            |       |       |     4 ||     4
 Armour: Scale mail        |    28 |    11 |       ||    39
         Leather armour    |       |    48 |    17 ||    65
  Dodge: Dodged            |    18 |    85 |    33 ||   136

Levels and vault maps discovered:
D:1:      lightli_arrival_farm, layout_rooms, serial_shops, shop,
          hellmonk_ecumenical_altar_run_dry
D:2:      minmay_recursive_quarters, layout_loops_cross, basic_altar,
          uniq_natasha, uniq_terence
D:3:      layout_basic, nicolae_overflow_hallway_of_the_gods,
          gammafunk_ghost_nasty_kobolds, minivault_23, hangedman_decor_opposing
D:4:      layout_loops_ring, minmay_temple_entry_large_hall,
          gammafunk_ghost_cemetery, kennysheep_generic_room_4
D:5:      layout_loops_ring, enter_ossuary_1, guppyfry_early_orc_mine
Temple:   compressed_dpeg_circular_temple

Notes
Turn   | Place    | Note
-------+----------+-------------------------------------------
     0 | D:1      | Jeffwins the Human Wanderer began the quest for the Orb.
     0 | D:1      | Jeffwins set off with the following items: a +2 sling, a +0
                  | scale mail, a potion of berserk rage {!q}; and the
                  | following spell memorised: Summon Small Mammal; and the
                  | following spells available to memorise: Call Canine
                  | Familiar.
     0 | D:1      | Reached XP level 1. HP: 13/13 MP: 2/2
    77 | D:1      | Found Olegydgh's Assorted Antiques.
    95 | D:1      | Reached XP level 2. HP: 17/19 MP: 3/3
   305 | D:1      | Found a faded altar of an unknown god.
   342 | D:1      | Reached XP level 3. HP: 24/24 MP: 4/4
   665 | D:2      | Noticed Terence
   705 | D:2      | Killed Terence
   706 | D:2      | Reached XP level 4. HP: 23/30 MP: 6/6
  1048 | D:2      | Reached skill level 2 in Stealth
  1050 | D:2      | Reached XP level 5. HP: 35/35 MP: 7/7
  1314 | D:3      | Reached skill level 4 in Summonings
  1333 | D:3      | Reached skill level 4 in Ranged Weapons
  1412 | D:3      | Learned a level 3 spell: Call Canine Familiar
  1449 | D:3      | Found a glowing golden altar of the Shining One.
  1453 | D:3      | Found a stormy altar of Qazlal.
  1456 | D:3      | Found a sparkling altar of Nemelex Xobeh.
  1456 | D:3      | Found a sacrificial altar of Ru.
  1463 | D:3      | Found a shadowy altar of Dithmenos.
  1516 | D:3      | Found a runed translucent gate.
  1536 | D:3      | Reached skill level 2 in Spellcasting
  1681 | D:3      | Found a runed translucent gate.
  1681 | D:3      | Found a runed translucent gate.
  1681 | D:3      | Noticed Tollund's ghost (weakling HOFE)
  1682 | D:3      | Noticed a kobold brigand
  1973 | D:3      | Learned a level 4 spell: Dispel Undead
  2080 | D:3      | Reached XP level 6. HP: 20/41 MP: 9/9
  2151 | D:4      | Reached skill level 1 in Necromancy
  2234 | D:4      | Found a staircase to the Ecumenical Temple.
  2258 | Temple   | Entered the Ecumenical Temple
  2548 | D:4      | Reached XP level 7. HP: 33/46 MP: 10/10
  2728 | D:4      | Found a runed translucent gate.
  2729 | D:4      | Found a runed translucent gate.
  2729 | D:4      | Found a runed translucent gate.
  2733 | D:4      | Noticed bigduke15's ghost (amateur OpCj)
  2733 | D:4      | Noticed mandoloar's ghost (amateur DgCj)
  2822 | D:5      | Entered Level 5 of the Dungeon
  2865 | D:4      | Reached skill level 3 in Stealth
  2865 | D:4      | Reached skill level 2 in Necromancy
  2898 | D:5      | Killed from afar by an orc priest

Vanquished Creatures
  An orc warrior (D:4)
  2 scorpions (D:4)
  A jelly (D:4)
  An orc priest (D:4)
  A sleepcap (D:3)
  Terence (D:2)
  An orc wizard (D:3)
  5 adders
  An ufetubus (D:4)
  A worm (D:2)
  4 dart slugs
  7 orcs
  5 endoplasms
  3 giant cockroaches
  4 goblins
  5 hobgoblins
  9 jackals
  2 quokkas (D:2)
  5 ball pythons
  7 bats
  3 frilled lizards
  9 kobolds
  6 rats
84 creatures vanquished.

Vanquished Creatures (others)
  2 fungi (D:3)
  2 plants (D:3)
  2 withered plants (D:4)
6 creatures vanquished.

Grand Total: 90 creatures vanquished

Table legend: (Time is in decaauts)
 A = Elapsed time spent in this place.
 B = Non-inter-level travel time spent in this place.
 C = Inter-level travel time spent in this place.
 D = Time resting spent in this place.
 E = Time spent auto-exploring this place.
 F = Levels seen in this place.
 G = Mean time per level.
                   A        B        C        D        E       F      G
               +--------+--------+--------+--------+--------+-----+--------+
         Total |   3029 |   2915 |    114 |     37 |   2060 |   6 |  504.8 |
       Dungeon |   2948 |   2841 |    107 |     37 |   1995 |   5 |  589.6 |
        Temple |     80 |     73 |      7 |      0 |     65 |   1 |   80.0 |
               +--------+--------+--------+--------+--------+-----+--------+

Top non-repeatable levels by time:
     D:3: 774 daAuts
     D:4: 760 daAuts
     D:2: 721 daAuts
     D:1: 636 daAuts
  Temple: 80 daAuts
     D:5: 54 daAuts

Table legend:
 A = Non-vault XP
 B = Vault XP
 C = Vault XP percentage of total XP
 D = Non-vault monster count
 E = Vault monster count
 F = Vault count percentage of total count
                 A         B        C        D         E       F
            +---------+---------+-------+---------+---------+-------
      Total |     363 |     336 |  48.1 |      68 |      16 |  19.0
            +---------+---------+-------+---------+---------+-------
        D:1 |      32 |       0 |   0.0 |      19 |       0 |   0.0
        D:2 |      35 |      74 |  67.9 |      11 |      11 |  50.0
        D:3 |     124 |       0 |   0.0 |      22 |       0 |   0.0
        D:4 |     172 |     256 |  59.8 |      16 |       3 |  15.8
        D:5 |       0 |       6 | 100.0 |       0 |       2 | 100.0
            +---------+---------+-------+---------+---------+-------
